Map: Tourmaline LE

Players

Zandur

  • Race: Protoss Protoss
  • League: Gold
  • Spawn Location: 1:00

Arkbennett - Winner!

  • Race: Terran Terran
  • League: Platinum
  • Spawn Location: 7:00

VOD

Have the link to the VOD?

Description

Time

  • Played on: Jan. 10, 2026, 11:58 p.m.
  • Length: 20:36
Show
View Real Time Build Order
Export as new Build Order

Zandur Protoss 

Build Orders: Zealot Archon, Colossus Rush 

Get SALT Encoding   

  12  0:04  Probe  
  13  0:14  Pylon  
  13  0:16  Probe  
  14  0:24  Probe  
  15  0:34  Probe  
  15  0:39  Gateway  
  16  0:46  Probe  
  17  0:54  Assimilator  
  17  0:58  Probe  
  18  1:10  Probe  
  19  1:22  Probe  
  20  1:28  Cybernetics Core  
  20  1:34  Probe  
  21  1:45  Pylon  
  21  1:52  Nexus  
  21  2:01  Pylon, Stalker  
  21  2:07  Warp Gate  
  23  2:11  Assimilator  
  23  2:13  Probe  
  24  2:21  Probe  
  24  2:29  Probe  
  26  2:38  Robotics Facility  
  26  2:43  Probe  
  27  2:55  Probe  
  28  3:01  Probe  
  29  3:07  Probe  
  29  3:09  Probe  
  29  3:11  Gateway  
  29  3:12  Sentry, Shield Battery  
  30  3:17  Pylon  
  30  3:19  Observer, Probe  
  33  3:20  Probe  
  35  3:27  Probe  
  35  3:32  Probe  
  37  3:35  Probe  
  38  3:42  Gateway  
  38  3:44  Probe  
  38  3:46  Probe  
  40  3:53  Immortal  
  44  3:56  Probe  
  44  3:59  Shield Battery  
  45  4:05  Assimilator  
  45  4:08  Pylon  
  45  4:14  Robotics Bay  
  45  4:16  Probe x2  
  47  4:23  Gateway  
  47  4:28  Assimilator, Probe  
  47  4:29  Probe  
  48  4:39  Twilight Council  
  48  4:40  Probe  
  49  4:46  Pylon, Probe  
  49  4:52  Probe  
  51  4:53  Colossus  
  51  4:58  Probe  
  52  5:04  Probe  
  52  5:06  Extended Thermal Lance  
  59  5:13  Gateway  
  59  5:16  Probe  
  59  5:17  Probe  
  61  5:22  Gateway  
  61  5:23  Charge  
  61  5:28  Probe  
  62  5:37  Gateway  
  62  5:40  Gateway  
  62  5:42  Pylon  
  62  5:48  Templar Archives  
  62  5:50  Zealot x2  
  62  5:56  Pylon  
  66  6:00  Zealot x2  
  70  6:14  Gateway  
  70  6:20  Stalker  
  70  6:23  Psionic Storm  
  71  6:26  High Templar  
  71  6:27  High Templar  
  71  6:28  Zealot x2  
  71  6:29  Zealot  
  71  6:32  Archon  
  81  6:43  Nexus  
  81  6:49  Gravitic Drive, Zealot x3  
  81  6:51  High Templar  
  81  6:52  High Templar  
  91  6:56  Shield Battery  
  90  7:26  Pylon  
  90  7:28  Pylon  
  89  7:32  Observer  
  82  7:45  Pylon, Forge  
  80  8:01  Probe  
  80  8:05  Probe  
  82  8:07  Stalker x4, Probe  
  82  8:09  Probe  
  83  8:15  Probe  
  83  8:17  Probe  
  83  8:19  Probe  
  86  8:26  Photon Cannon  
  86  8:29  Probe  
  86  8:30  Photon Cannon  
  87  8:39  Probe  
  87  8:43  Probe x2  
  87  8:44  Nexus  
  87  8:46  Pylon  
  87  8:48  Pylon  
  90  8:53  Shield Battery, Photon Cannon  
  90  8:55  Pylon  
  90  8:58  Pylon  
  90  8:59  High Templar  
  90  9:00  High Templar  
  94  9:03  Probe  
  94  9:08  Archon  
  95  9:13  Stalker  
  97  9:22  Probe  
  97  9:32  Probe  
  97  9:35  Probe x2  
  100  9:40  Probe  
  100  9:44  Probe  
  101  9:47  Probe  
  101  9:50  Probe  
  101  9:52  Probe  
  104  9:58  Pylon  
  104  9:59  Shield Battery, Probe  
  106  10:00  Pylon, High Templar x4  
  106  10:01  Probe  
  106  10:04  High Templar x2  
  106  10:05  High Templar  
  106  10:07  Archon x2  
  121  10:08  Probe  
  121  10:09  Archon  
  121  10:10  High Templar x2  
  121  10:12  Probe  
  121  10:13  Probe  
  128  10:16  Probe x2  
  128  10:21  Assimilator  
  130  10:24  Probe  
  130  10:25  Assimilator, Probe  
  130  10:28  Probe  
  133  10:30  Gateway, Stargate  
  133  10:44  Stargate  
  133  10:47  Archon  
  133  10:55  Photon Cannon  
  133  10:59  Photon Cannon  
  133  11:08  Nexus  
  133  11:11  Pylon  
  133  11:15  Pylon  
  133  11:20  Protoss Ground Weapons Level 1  
  133  11:23  Probe  
  134  11:28  Gateway  
  134  11:30  Shield Battery  
  134  11:31  Gateway  
  134  11:38  Pylon  
  138  11:43  Fleet Beacon, Void Ray  
  138  11:44  Void Ray  
  142  11:56  Stalker x3  
  142  11:57  Stalker  
  142  12:01  Forge  
  150  12:11  Pylon  
  149  12:23  Photon Cannon  
  149  12:25  Gateway  
  149  12:26  Protoss Air Weapons Level 1  
  149  12:28  Gateway  
  149  12:30  Pylon x2  
  149  12:38  Pylon  
  149  12:45  Pylon  
  149  12:47  Tempest  
  149  12:50  Tempest  
  145  12:51  Stalker x3  
  145  12:52  Stalker x2  
  159  13:02  Pylon  
  159  13:03  Nexus  
  159  13:05  Stalker x2  
  165  13:06  Pylon  
  165  13:13  Stalker x2  
  167  13:22  Protoss Shields Level 1  
  167  13:25  Protoss Ground Weapons Level 2  
  153  13:58  Pylon  
  153  14:00  Nexus  
  144  14:03  Stalker  
  144  14:04  Pylon, Stalker x4  
  144  14:07  Probe  
  149  14:10  Probe x2  
  152  14:22  Probe  
  152  14:23  Probe  
  154  14:26  Pylon  
  154  14:29  Pylon  
  73  15:23  Carrier  
  73  15:28  High Templar x5, Tempest  
  75  15:29  High Templar x5  
  75  15:30  High Templar x2  
  105  15:44  Archon x3  
  105  15:45  Archon  
  105  15:46  Protoss Ground Armor Level 1, Archon  
  105  15:47  Archon, Probe  
  105  15:51  Probe x3  
  105  15:53  Protoss Ground Weapons Level 3  
  109  16:03  Probe x2  
  111  16:05  Zealot x3  
  111  16:06  Zealot x7  
  111  16:07  Zealot x2  
  111  16:08  Probe  
  135  16:11  Probe  
  135  16:15  Probe x2  
  135  16:16  Probe  
  139  16:21  Assimilator  
  139  16:23  Probe  
  139  16:24  Probe  
  139  16:25  Assimilator  
  141  16:27  Probe x2  
  141  16:32  Probe  
  141  16:43  Probe  
  142  16:48  Pylon, Shield Battery, Photon Cannon  
  142  16:49  Shield Battery  
  142  16:51  Photon Cannon x3  
  142  16:55  Probe  
  142  16:57  High Templar  
  142  16:58  High Templar x4  
  142  16:59  Zealot x2  
  157  17:01  Archon  
  157  17:03  Archon  
  142  17:33  Zealot x6  
  142  17:34  Zealot  
  142  17:35  Zealot  
  119  17:55  Nexus  
  119  17:56  Pylon  
  119  17:59  Pylon  
  119  18:08  High Templar x6  
  119  18:09  High Templar  
  119  18:10  Zealot x3  
  119  18:12  Archon  
  139  18:13  Archon x2  
  139  18:21  Shield Battery  
  139  18:23  Photon Cannon  
  139  18:25  Photon Cannon  
  38  19:10  Stalker x2  
  38  19:11  Stalker x7  
  38  19:13  Zealot  
  40  19:35  Stalker x2  
  42  19:42  Probe  
  43  19:48  Probe x2  
  45  20:02  High Templar  
  45  20:03  Zealot  
  49  20:14  Probe x2  
Show
View Real Time Build Order
Export as new Build Order

Arkbennett Terran - Winner!

Build Orders:  

Get SALT Encoding   

  12  0:01  SCV  
  13  0:13  SCV  
  14  0:17  Supply Depot  
  14  0:25  SCV  
  15  0:29  Refinery  
  16  0:44  Barracks  
  16  0:45  SCV  
  16  0:57  SCV  
  17  1:09  SCV  
  18  1:21  SCV  
  19  1:31  Reaper  
  20  1:37  Orbital Command  
  20  1:50  Refinery  
  20  1:51  Supply Depot  
  20  2:03  SCV  
  21  2:10  Factory  
  21  2:16  SCV  
  21  2:21  Barracks Reactor  
  21  2:22  Command Center  
  22  2:28  SCV  
  23  2:47  Supply Depot  
  23  2:48  SCV  
  24  2:57  Factory Tech Lab  
  24  3:00  SCV  
  24  3:03  Marine x2  
  27  3:12  SCV  
  28  3:16  Engineering Bay  
  28  3:19  Siege Tank  
  31  3:24  SCV  
  32  3:32  Bunker  
  32  3:35  Starport  
  32  3:36  SCV, Marine x2  
  36  3:48  SCV  
  36  3:54  Missile Turret  
  36  3:56  Marine x2  
  36  4:00  SCV  
  36  4:02  Orbital Command  
  39  4:07  Supply Depot  
  39  4:12  SCV  
  39  4:16  Marine x2  
  42  4:19  Factory Tech Lab  
  42  4:24  SCV  
  42  4:34  Barracks  
  42  4:36  Marine x2  
  42  4:37  SCV  
  45  4:42  SCV, Missile Turret  
  46  4:49  SCV  
  47  4:54  Banshee  
  47  4:55  SCV  
  47  4:58  Cloaking Field  
  51  5:08  Marine x2  
  51  5:10  Terran Infantry Weapons Level 1, Command Center  
  51  5:11  Siege Tank  
  56  5:15  SCV x2  
  58  5:21  Barracks Tech Lab  
  58  5:27  SCV  
  58  5:28  SCV  
  60  5:32  Refinery  
  60  5:34  Refinery  
  60  5:37  Supply Depot  
  60  5:38  Hyperflight Rotors, Banshee  
  60  5:39  Supply Depot  
  60  5:40  SCV x2  
  65  5:52  SCV x2, Missile Turret, Marine x2  
  65  5:55  Stimpack  
  65  5:56  Marine  
  70  6:02  Supply Depot  
  70  6:04  SCV x2  
  70  6:10  Marine  
  73  6:14  Siege Tank  
  73  6:16  Marine x2  
  78  6:27  SCV x2  
  80  6:39  SCV x2  
  82  6:51  SCV, Siege Tank  
  86  6:56  Bunker  
  86  7:00  Medivac  
  88  7:02  Planetary Fortress  
  88  7:04  Missile Turret  
  88  7:05  Hi-Sec Auto Tracking  
  88  7:10  SCV x2  
  89  7:19  Marine x2  
  89  7:20  Marine  
  89  7:22  SCV x2  
  94  7:25  Missile Turret  
  94  7:30  Medivac  
  96  7:41  Marine  
  96  7:42  Marine  
  96  7:43  Marauder  
  100  8:00  Medivac, Marine  
  100  8:01  Marine  
  104  8:15  Neosteel Armor, Starport  
  104  8:16  Barracks  
  104  8:17  SCV x2  
  106  8:29  SCV x2  
  108  8:35  Marine  
  109  8:46  Fusion Core  
  109  8:50  Armory  
  109  8:55  Combat Shield  
  109  8:56  Starport Tech Lab  
  109  8:59  Refinery  
  109  9:00  Refinery  
  109  9:07  Supply Depot  
  109  9:08  Supply Depot x2  
  109  9:11  Missile Turret  
  109  9:28  SCV, Barracks Reactor, Marine x2  
  109  9:29  Marauder  
  114  9:42  Barracks Tech Lab  
  114  9:45  Battlecruiser x2  
  126  9:46  Marine  
  126  9:50  Marauder, Barracks  
  126  9:52  Terran Ship Weapons Level 1, Barracks  
  129  9:55  Terran Infantry Armor Level 1  
  129  10:07  Supply Depot  
  129  10:09  Supply Depot  
  129  10:11  Marine, Siege Tank  
  129  10:13  Command Center  
  133  10:29  Marauder x2, Marine  
  133  10:31  SCV x3  
  133  10:33  Marine  
  142  10:43  SCV x3  
  142  10:47  Marine  
  146  10:50  Marine  
  146  10:51  Marauder  
  149  11:09  Barracks Reactor  
  149  11:11  Barracks Tech Lab  
  149  11:13  Barracks Reactor  
  149  11:23  Supply Depot  
  149  11:24  Marine x2  
  149  11:25  Marauder x2  
  155  11:26  Supply Depot  
  155  11:40  Medivac x2  
  159  11:49  Terran Infantry Weapons Level 2  
  159  11:56  Weapon Refit  
  159  12:27  Marine x2  
  159  12:28  Marine x2  
  159  12:29  Marauder x2  
  167  12:33  Terran Ship Weapons Level 2  
  164  12:48  Battlecruiser x2  
  173  13:32  Marine x3  
  173  13:33  Marauder x2  
  180  13:35  Marine  
  180  14:34  Marauder x2, Marine x2  
  180  14:43  Marine x2  
  180  14:44  Medivac  
  180  14:45  Medivac  
  180  14:47  Marauder  
  180  14:52  Marine x2  
  151  14:55  Marine  
  151  14:56  Marauder  
  152  15:01  Marine x2  
  152  15:02  Siege Tank  
  153  15:08  Marauder  
  153  15:09  Marine  
  153  15:14  Marauder  
  142  15:18  Marine x2  
  142  15:19  Marine x2  
  120  15:27  Marine  
  121  15:29  Marine  
  121  15:33  Bunker  
  121  15:34  Bunker, Marine, Siege Tank  
  126  15:35  Missile Turret  
  126  15:36  Marine x2  
  126  15:37  Missile Turret, Marine  
  126  15:39  Marine  
  126  15:40  Command Center  
  126  15:42  Battlecruiser x2  
  142  15:45  Marine  
  142  15:47  Marine  
  144  15:52  Marine  
  144  15:54  Marine  
  146  16:05  Marine x2  
  146  16:06  Siege Tank  
  148  16:26  Marine  
  148  16:27  Marine x4  
  148  16:29  Marauder x2  
  157  16:38  Siege Tank  
  160  16:44  Marine x2  
  162  16:56  Marine x4  
  162  16:57  Marauder, Medivac x2  
  172  17:08  Marine  
  172  17:14  Marauder  
  175  17:16  Marine x4  
  175  17:17  Siege Tank  
  175  17:18  Marine  
  177  17:27  Medivac x2  
  171  17:49  Siege Tank  
  168  17:55  Marine x7  
  168  17:57  Medivac x2  
  179  18:12  Marine  
  180  18:21  Planetary Fortress  
  180  18:25  Missile Turret  
  179  18:27  Missile Turret x2  
  179  18:28  Missile Turret x3  
  179  18:32  Missile Turret  
  113  19:06  Marine x3  
  113  19:07  Marine x4  
  119  19:13  Medivac  
  119  19:14  Medivac  
  119  19:17  Missile Turret  
  123  19:19  Missile Turret  
  117  19:24  Marine x5  
  117  19:25  Marine x2  
  118  19:42  Marine x5  
  118  19:43  Medivac x2, Marine x2  
  118  19:44  Refinery  
  129  19:46  Refinery  
  129  19:48  Command Center  
  129  19:59  Marine  
  129  20:00  Marine x2  
  129  20:04  Marine x4  
  138  20:17  Marine x2  
  138  20:18  Marine  
  141  20:21  Command Center  
Tags
 
Add a new tag
Caveats
  • Supply blocks, unpowered buildings, or Contaminate may cause inaccurate times.
  • Supply counts are checked every 10 seconds.